 Dungeon Crawl Stone Soup version 0.29.1-15-g9cfb28693d (webtiles) character file.

Game seed: 16133441984225412314

6 safid the Chiller (level 1, -1/14 HPs)
             Began as a Merfolk Ice Elementalist on Apr 10, 2023.
             Slain by a hobgoblin (5 damage)
             ... on level 1 of the Dungeon.
             The game lasted 00:00:54 (518 turns).

safid the Chiller (Merfolk Ice Elementalist)         Turns: 518, Time: 00:00:55

Health: -1/14      AC:  2    Str:  8    XL:     1   Next: 90%
Magic:  1/3        EV: 12    Int: 14    God:
Gold:   34         SH:  0    Dex: 14    Spells: 3/4 levels left

rFire   . . .      SeeInvis .   e - +0 short sword
rCold   . . .      Faith    .   (no shield)
rNeg    . . .      Spirit   .   a - +0 robe
rPois   .          Reflect  .   (no helmet)
rElec   .          Harm     .   (no cloak)
rCorr   .          Rampage  .   (no gloves)
Will    .....                   (no boots)
Stlth   ++........              (no amulet)
HPRegen 0.04/turn               (no ring)
MPRegen 0.08/turn               (no ring)

@: very slightly contaminated
A: (nimble swimmer 2), mertail
a: no special abilities


You were on level 1 of the Dungeon.
You visited 1 branch of the dungeon, and saw 1 of its levels.

You collected 34 gold pieces.

Inventory:

Hand Weapons
 e - a +0 short sword (weapon)
Armour
 a - a +0 robe (worn)
Potions
 b - a potion of magic
 c - a potion of might {unknown}
 d - a potion of brilliance {unknown}
 f - a potion of attraction {unknown}


   Skills:
 + Level 0.7 Fighting
 - Level 2.6 Dodging
 - Level 2.1 Stealth
 + Level 2.1 Spellcasting
 + Level 4.5 Ice Magic


You had 3 spell levels left.
You knew the following spells:

 Your Spells              Type           Power      Damage    Failure   Level
a - Freeze                Ice            56%        1d7       3%          1

Your spell library contained the following spells:

 Spells                   Type           Power      Damage    Failure   Level
 Frozen Ramparts          Ice            28%        1d5       11%         3
 Ozocubu's Armour         Ice            14%        N/A       11%         3
 Gell's Gravitas          Tloc           1%         N/A       56%         3
 Lesser Beckoning         Tloc           1%         N/A       56%         3
 Stone Arrow              Conj/Erth      2%         3d7       56%         3
 Teleport Other           Tloc           1%         N/A       56%         3
 Hailstorm                Conj/Ice       7%         3d4       67%         4
 Animate Armour           Summ/Erth      2%         N/A       93%         4
 Lehudib's Crystal Spear  Conj/Erth      0%         10d2      100%        8


Dungeon Overview and Level Annotations

Branches:
Dungeon (1/15)

Altars:


Innate Abilities, Weirdness & Mutations

((You are very nimble when in or above water. (Stealth+, EV+, Speed+++)))
Your lower body shifts to a powerful aquatic tail in water.


Message History

You barely miss the endoplasm. The endoplasm freezes you.
You are frozen.
You hit the endoplasm.
The endoplasm is almost dead.
The endoplasm barely misses you.
You hit the endoplasm.
You kill the endoplasm!
No target in view!
Found a robe.
No target in view!
No target in view!
Found a stone staircase leading down.
A hobgoblin comes into view.
A hobgoblin is nearby!
The hobgoblin shouts!
Found a ring mail.
You hit the hobgoblin but do no damage. The hobgoblin hits you. x2
You barely miss the hobgoblin. The hobgoblin closely misses you.
You completely miss the hobgoblin.
The hobgoblin hits you but does no damage.
You hit the hobgoblin but do no damage. The hobgoblin hits you.
Casting: Freeze (safe; 3% risk of failure)
Confirm with . or Enter, or press ? or * to list all spells.
Aiming: Freeze (safe; 3% risk of failure)
Press: ? - help, Shift-Dir - straight line, f - hobgoblin
Aim: a hobgoblin You miscast Freeze.
You are very lightly contaminated with residual magic.
Nothing appears to happen.
The hobgoblin hits you.
* * * LOW HITPOINT WARNING * * *
Casting: Freeze (safe; 3% risk of failure)
Confirm with . or Enter, or press ? or * to list all spells.
Aiming: Freeze (safe; 3% risk of failure)
Press: ? - help, Shift-Dir - straight line, f/p - hobgoblin
Aim: a hobgoblin You freeze the hobgoblin.
The hobgoblin is severely wounded.
The hobgoblin hits you.
You die...

.....#.# .....[.#
###...# ........
......###. ...#.##.
#......... ...#.#
......... #..#.#
.......
.....###########....#
#..####.......##g..[#
#..# #.#####.##@#
#..####.# #.##.#
#.......# #.#..#.#
#.......# #......#
#.#####.# ###.####
#.# #... .... #.#
##### ##.### #. ..#
#. ###


You could see a hobgoblin.

Vanquished Creatures
  An endoplasm (D:1)
  A giant cockroach (D:1)
  A goblin (D:1)
  2 kobolds (D:1)
5 creatures vanquished.

Notes
Turn   | Place    | Note
-------+----------+-------------------------------------------
     0 | D:1      | safid the Merfolk Ice Elementalist began the quest for the
                  | Orb.
     0 | D:1      | Reached XP level 1. HP: 13/13 MP: 3/3
   518 | D:1      | Slain by a hobgoblin

Illustrated notes

Levels and vault maps discovered:
D:1:      spicycebolla_green_bress_n_ham, layout_loops_ring,
          supply_closet_lemuel

Action                   || total
-------------------------++-------
Melee: Short sword       ||     8
       Unarmed           ||     6
       Punch             ||     1
 Cast: Freeze            ||     5
 Stab: Sleeping          ||     1
Armor: Robe              ||     2
Dodge: Dodged            ||     8
